Map: Ruins of Seras

Players

Pseudorandom - Winner!

FlatLine

  • Race: Protoss Protoss

VOD

http://www.twitch.tv/pseudorandom63/b/646849655

Description

Time

  • Played on: April 6, 2015, 3:29 a.m.
  • Length: 18:55
Show
View Real Time Build Order
Export as new Build Order

Pseudorandom Zerg - Winner!

Build Orders: Pool First, Lurkers 

Get SALT Encoding   

  12  0:01  Drone  
  13  0:12  Overlord  
  13  0:18  Drone  
  14  0:30  Drone  
  14  0:31  Drone  
  14  0:34  Drone  
  17  0:45  Drone  
  17  0:49  Spawning Pool  
  17  0:56  Drone  
  18  1:06  Drone  
  19  1:16  Hatchery  
  18  1:18  Drone  
  19  1:26  Extractor  
  19  1:28  Drone  
  19  1:35  Queen  
  19  1:38  Overlord  
  21  1:50  Zergling x2  
  22  2:02  Drone  
  23  2:08  Hatchery  
  23  2:13  Drone  
  23  2:22  Drone  
  24  2:29  Pneumatized Carapace  
  24  2:30  Drone  
  24  2:33  Drone  
  26  2:38  Drone  
  27  2:45  Drone x3  
  30  2:54  Drone x3  
  30  2:58  Overlord  
  32  3:05  Metabolic Boost  
  32  3:06  Drone  
  32  3:09  Drone  
  32  3:12  Drone  
  35  3:16  Queen  
  37  3:21  Queen  
  37  3:24  Drone  
  37  3:25  Drone  
  41  3:29  Drone x2  
  43  3:36  Drone x2  
  43  3:38  Extractor  
  43  3:40  Drone  
  45  3:42  Zergling x2  
  46  3:53  Drone, Spine Crawler  
  46  3:54  Zergling x8  
  50  3:56  Overlord x2  
  50  4:03  Lair  
  50  4:06  Extractor  
  50  4:07  Evolution Chamber, Extractor  
  50  4:09  Drone  
  48  4:10  Evolution Chamber  
  46  4:18  Zergling x6  
  46  4:19  Zergling x2  
  50  4:27  Drone x3  
  51  4:33  Zerg Ground Armor Level 1  
  51  4:37  Drone x4  
  51  4:38  Drone  
  54  4:42  Zerg Melee Weapons Level 1  
  54  4:50  Drone x4  
  58  4:56  Drone x3  
  60  5:13  Drone x3  
  60  5:14  Drone x2  
  65  5:15  Overlord  
  65  5:16  Overlord  
  65  5:21  Hydralisk Den  
  64  5:32  Overlord x2  
  64  5:36  Hatchery  
  64  5:37  Overlord  
  63  5:43  Overlord  
  63  5:53  Drone x3  
  66  5:59  Hydralisk x2, Muscular Augments  
  66  6:00  Hydralisk x6  
  82  6:07  Hydralisk  
  82  6:08  Hydralisk x2  
  87  6:21  Hydralisk x4  
  95  6:26  Drone  
  95  6:27  Drone x3  
  95  6:28  Drone  
  100  6:33  Infestation Pit  
  100  6:34  Evolution Chamber  
  100  6:37  Zerg Ground Armor Level 2  
  98  6:40  Drone x3  
  98  6:44  Extractor  
  98  6:45  Extractor  
  99  6:52  Zerg Melee Weapons Level 2  
  99  6:54  Overlord  
  99  6:55  Drone x3  
  102  7:08  Hydralisk x3  
  102  7:10  Overlord  
  102  7:11  Overlord, Zergling x4  
  102  7:12  Zergling x2  
  111  7:16  Hive  
  111  7:20  Zergling x6  
  111  7:21  Zergling x6  
  117  7:23  Lurker Den  
  117  7:26  Zerg Missile Weapons Level 1  
  117  7:35  Zergling x2  
  117  7:36  Zergling x4  
  120  7:43  Drone x3  
  123  7:44  Spine Crawler  
  123  7:46  Spine Crawler  
  123  7:47  Spine Crawler  
  123  7:50  Spine Crawler  
  119  8:01  Hydralisk x3  
  119  8:02  Hydralisk x3  
  125  8:22  Zergling x2  
  125  8:23  Zergling x24  
  131  8:44  Hydralisk x2  
  131  8:46  Overlord x4  
  135  8:56  Extractor  
  135  8:57  Extractor  
  135  9:02  Zerg Ground Armor Level 3  
  133  9:03  Adrenal Glands  
  133  9:06  Lurker  
  133  9:07  Lurker x2  
  133  9:08  Lurker  
  133  9:09  Zergling x2  
  142  9:10  Hatchery, Zergling x20  
  142  9:11  Seismic Spines  
  147  9:23  Zerg Melee Weapons Level 3  
  147  9:25  Zerg Missile Weapons Level 2  
  149  9:31  Drone x3  
  149  9:32  Drone x4  
  149  9:38  Spore Crawler  
  106  10:03  Hydralisk x8  
  106  10:04  Hydralisk x4  
  106  10:05  Zergling x2  
  110  10:35  Lurker  
  110  10:36  Lurker x5  
  116  10:47  Zergling x16  
  116  10:48  Zergling x18  
  133  10:52  Hydralisk x6  
  133  10:53  Spine Crawler  
  133  10:55  Spine Crawler  
  131  11:09  Overlord  
  131  11:14  Lurker x6, Ultralisk Cavern  
  131  11:17  Hydralisk  
  131  11:18  Hydralisk x6  
  138  11:20  Zergling x6  
  138  11:22  Viper  
  139  11:42  Zerg Missile Weapons Level 3  
  99  12:11  Hydralisk x6  
  111  12:16  Chitinous Plating  
  102  12:44  Spine Crawler  
  101  12:45  Spine Crawler x2  
  101  12:46  Spore Crawler, Spine Crawler  
  101  12:47  Spore Crawler, Spine Crawler  
  101  12:48  Ultralisk x3  
  101  12:49  Ultralisk  
  119  12:53  Lurker  
  119  12:54  Lurker x4  
  119  12:55  Lurker  
  125  13:00  Viper  
  125  13:01  Viper  
  127  13:07  Overseer  
  127  13:08  Overseer  
  127  13:21  Hydralisk x3  
  127  13:22  Hydralisk  
  127  13:24  Zergling x8  
  145  13:41  Ultralisk x2  
  151  14:03  Ultralisk x2, Zergling x4  
  151  14:04  Zergling x2  
  155  14:25  Ultralisk x2  
  155  14:28  Drone x5  
  170  14:54  Overlord x2  
  170  14:55  Overlord  
  170  15:04  Extractor x2  
  170  15:05  Spine Crawler  
  170  15:06  Spine Crawler  
  166  15:18  Hatchery  
  166  15:21  Hydralisk x5  
  165  15:22  Zergling x12  
  165  15:23  Zergling x6  
  184  15:32  Spine Crawler  
  123  16:13  Ultralisk x2  
  123  16:14  Ultralisk x4  
  123  16:15  Zergling x2  
  123  16:16  Zergling x8  
  164  16:25  Lurker x4  
  162  17:04  Hatchery  
  161  17:10  Hydralisk x10  
  161  17:12  Zergling x2  
  161  17:13  Zergling x12  
  187  17:46  Extractor  
  187  17:49  Extractor  
Show
View Real Time Build Order
Export as new Build Order

FlatLine Protoss 

Build Orders: Nexus First, Blink Stalkers 

Get SALT Encoding   

  12  0:01  Probe  
  13  0:15  Pylon  
  13  0:17  Probe  
  14  0:33  Probe (Chrono Boost)  
  16  0:42  Probe (Chrono Boost)  
  16  0:50  Probe  
  17  1:01  Nexus  
  17  1:08  Probe (Chrono Boost)  
  18  1:13  Gateway  
  19  1:18  Probe (Chrono Boost)  
  19  1:29  Pylon  
  19  1:30  Probe (Chrono Boost)  
  20  1:32  Assimilator  
  20  1:38  Assimilator  
  20  1:42  Probe (Chrono Boost)  
  21  1:50  Probe (Chrono Boost)  
  22  1:59  Probe  
  23  2:02  Cybernetics Core  
  23  2:08  Zealot  
  23  2:13  Probe (Chrono Boost)  
  27  2:17  Probe (Chrono Boost)  
  28  2:23  Probe (Chrono Boost)  
  28  2:26  Probe (Chrono Boost)  
  29  2:30  Probe  
  29  2:36  Probe  
  31  2:38  Stalker (Chrono Boost)  
  31  2:40  Warp Gate  
  31  2:42  Probe  
  34  2:47  Pylon  
  34  2:48  Probe  
  35  2:54  Probe  
  36  3:00  Probe  
  36  3:01  Stalker (Chrono Boost)  
  36  3:04  Forge  
  39  3:06  Probe (Chrono Boost)  
  39  3:12  Probe (Chrono Boost)  
  41  3:19  Probe (Chrono Boost)  
  42  3:24  Mothership Core (Chrono Boost)  
  44  3:34  Probe (Chrono Boost), Nexus  
  45  3:37  Pylon  
  46  3:41  Probe (Chrono Boost)  
  46  3:46  Probe (Chrono Boost)  
  46  3:47  Sentry  
  49  3:54  Assimilator  
  49  3:55  Probe x2 (Chrono Boost), Assimilator  
  51  4:01  Photon Cannon  
  51  4:03  Probe, Gateway  
  51  4:04  Gateway  
  51  4:05  Gateway  
  51  4:07  Gateway  
  52  4:25  Probe x2  
  52  4:32  Protoss Ground Weapons Level 1 (Chrono Boost)  
  52  4:37  Probe x2  
  54  4:49  Probe x2  
  56  4:54  Phoenix  
  56  4:55  Probe, Twilight Council  
  56  4:58  Sentry  
  59  5:01  Probe x2  
  61  5:07  Probe  
  61  5:13  Probe x2  
  63  5:15  Photon Cannon  
  63  5:16  Sentry, Pylon  
  63  5:17  Sentry x2  
  63  5:19  Probe  
  70  5:23  Blink (Chrono Boost)  
  70  5:25  Probe  
  70  5:26  Probe  
  72  5:31  Pylon  
  72  5:33  Pylon  
  72  5:34  Gateway  
  72  5:35  Gateway  
  72  5:37  Pylon  
  72  5:38  Probe  
  72  5:39  Probe x2, Pylon  
  72  5:41  Pylon  
  75  5:44  Pylon  
  75  5:45  Robotics Facility  
  75  5:51  Probe x2  
  77  6:00  Sentry x3  
  77  6:01  Probe  
  77  6:03  Probe, Assimilator  
  85  6:05  Assimilator  
  85  6:06  Probe, Protoss Ground Weapons Level 2 (Chrono Boost)  
  86  6:14  Probe  
  86  6:17  Nexus, Zealot  
  89  6:20  Pylon  
  89  6:24  Probe x2  
  91  6:29  Phoenix  
  91  6:30  Probe  
  92  6:36  Probe  
  93  6:41  Photon Cannon  
  93  6:42  Gateway  
  93  6:43  Pylon  
  93  6:44  Pylon  
  93  6:48  Assimilator  
  93  6:51  Observer (Chrono Boost)  
  93  6:52  Templar Archives  
  93  6:53  Assimilator  
  94  6:55  Robotics Bay  
  94  7:01  Zealot  
  94  7:02  Zealot x6  
  94  7:05  Probe  
  109  7:08  Photon Cannon  
  109  7:10  Probe x2  
  109  7:11  Charge (Chrono Boost)  
  111  7:16  Warp Prism (Chrono Boost)  
  113  7:29  Probe x2  
  115  7:31  Psionic Storm  
  115  7:40  Gateway x2  
  115  7:42  Gateway  
  115  7:43  Gateway  
  115  7:44  High Templar x2  
  123  8:02  Disruptor (Chrono Boost)  
  123  8:04  Zealot  
  121  8:13  Zealot x3  
  121  8:14  Zealot x2  
  123  8:21  Protoss Ground Weapons Level 3 (Chrono Boost)  
  123  8:34  Zealot x2  
  123  8:36  Zealot x2  
  123  8:37  Disruptor (Chrono Boost)  
  123  8:38  Probe x4  
  117  8:50  Probe x4  
  117  8:52  Photon Cannon  
  119  8:56  High Templar x2  
  119  8:58  Zealot x6  
  119  9:02  Probe x2  
  141  9:13  Disruptor (Chrono Boost)  
  141  9:16  Pylon  
  141  9:17  Probe x3 (Chrono Boost)  
  141  9:18  Probe (Chrono Boost)  
  141  9:23  Disruptor x2  
  145  9:27  Probe x2 (Chrono Boost)  
  145  9:30  Disruptor  
  147  9:36  High Templar x3  
  147  9:37  High Templar  
  155  9:39  Zealot x7  
  155  9:45  Disruptor (Chrono Boost)  
  115  10:02  Zealot x8  
  119  10:12  Zealot x3  
  119  10:13  Zealot  
  126  10:19  Dark Shrine  
  114  10:33  High Templar x2  
  114  10:35  Disruptor (Chrono Boost), High Templar x4  
  130  10:37  Nexus  
  130  10:40  Pylon  
  130  10:41  Assimilator  
  130  10:44  Mothership Core (Chrono Boost)  
  130  10:45  Assimilator  
  132  10:57  Disruptor x2  
  132  10:59  Pylon  
  132  11:00  Photon Cannon  
  132  11:02  Photon Cannon x2  
  132  11:04  Photon Cannon  
  132  11:05  Pylon  
  132  11:07  Gateway  
  132  11:09  Gateway x2  
  136  11:11  Gateway  
  136  11:13  Disruptor  
  136  11:14  Disruptor (Chrono Boost)  
  136  11:24  Disruptor, Photon Cannon  
  136  11:25  Zealot x7, Photon Cannon  
  142  11:26  Zealot x5, Photon Cannon  
  110  11:53  Disruptor (Chrono Boost), Zealot x12  
  98  12:22  Dark Templar x2  
  100  12:24  High Templar x2  
  100  12:25  High Templar x2  
  100  12:26  High Templar x2  
  100  12:27  High Templar x2  
  100  12:29  Disruptor (Chrono Boost), Zealot x2  
  122  12:53  Protoss Ground Armor Level 1 (Chrono Boost)  
  122  12:58  Nexus  
  122  13:00  Pylon  
  126  13:07  Disruptor (Chrono Boost)  
  126  13:14  Extended Thermal Lance (Chrono Boost)  
  126  13:20  Assimilator  
  126  13:25  Assimilator  
  126  13:28  Photon Cannon  
  126  13:29  Photon Cannon  
  126  13:32  Gateway x2  
  126  13:33  Colossus (Chrono Boost)  
  132  13:35  Pylon x2  
  132  13:38  Pylon  
  132  13:40  Disruptor x2  
  132  13:43  Archon  
  131  13:51  Stalker x2  
  131  13:52  Stalker x7  
  131  13:54  Zealot x4  
  131  13:55  Zealot x2  
  102  14:25  Dark Templar  
  102  14:26  Dark Templar  
  102  14:28  Dark Templar  
  102  14:33  Immortal  
  103  14:41  Robotics Facility  
  101  14:59  Stalker x4  
  108  15:00  Stalker x9  
  124  15:18  High Templar  
  124  15:19  Disruptor x2  
  126  15:28  High Templar x3  
  130  15:30  Colossus (Chrono Boost)  
  130  15:33  Colossus (Chrono Boost)  
  142  15:47  Pylon  
  117  16:07  Archon x2  
  103  16:16  Observer (Chrono Boost)  
  78  16:22  Dark Templar x2  
  75  16:28  Zealot x4  
  75  16:29  Zealot x3  
  88  17:00  Immortal (Chrono Boost)  
  90  17:15  High Templar  
  90  17:16  High Templar  
  90  17:22  Archon  
  77  17:54  Archon  
Tags
 
Add a new tag
Caveats
  • Supply blocks, unpowered buildings, or Contaminate may cause inaccurate times.
  • Supply counts are checked every 10 seconds.